 Dungeon Crawl Stone Soup version 0.30-a0-304-gdc4b735fe1 (webtiles) character file.

Game seed: 10840701191738770636

75 koil the Sneak (level 4, 0/23 HPs)
             Began as a Spriggan Brigand on Oct 21, 2022.
             Killed from afar by an orc wizard (6 damage)
             ... with a magic dart
             ... on level 2 of the Dungeon.
             The game lasted 00:03:02 (837 turns).

koil the Sneak (Spriggan Brigand)                    Turns: 837, Time: 00:03:03

Health: 0/23       AC:  3    Str:  7    XL:     4   Next: 11%
Magic:  7/7        EV: 17    Int: 14    God:
Gold:   58         SH:  0    Dex: 16    Spells: 6/6 levels left

rFire   . . .      SeeInvis +    a - +2 dagger
rCold   + . .      Faith    .    (no shield)
rNeg    + . .      Spirit   .    b - +0 robe
rPois   .          Reflect  .    (helmet restricted)
rElec   .          Harm     .    c - +0 cloak
rCorr   .          Rampage  .    (gloves unavailable)
Will    .....                    (boots unavailable)
Stlth   +++.......               (no amulet)
HPRegen 0.23/turn                k - ring of protection from cold
MPRegen 0.10/turn                l - ring of positive energy

@: very quick
A: very small, no large weapons, unfitting armour, see invisible, speed 3
a: no special abilities


You were on level 2 of the Dungeon.
You visited 1 branch of the dungeon, and saw 2 of its levels.

You collected 58 gold pieces.

Inventory:

Hand Weapons
 a - a +2 dagger (weapon)
Missiles
 d - 2 poisoned darts (quivered)
 e - 3 curare-tipped darts
Armour
 b - a +0 robe (worn)
 c - a +0 cloak (worn)
Jewellery
 k - a ring of protection from cold (left hand)
 l - a ring of positive energy (right hand)
Scrolls
 f - 2 scrolls of identify {unknown}
 g - a scroll of immolation {unknown}
 h - 2 scrolls of teleportation {unknown}
 i - a scroll of magic mapping {unknown}
 j - a scroll of fog {unknown}
 p - a scroll of summoning {unknown}
Potions
 m - a potion of mutation {unknown}
 n - a potion of magic {unknown}
 o - a potion of lignification {unknown}


   Skills:
 + Level 2.1 Fighting
 + Level 2.9 Short Blades
 - Level 2.0 Throwing
 + Level 2.6 Dodging
 + Level 6.4 Stealth
 + Level 1.7 Spellcasting


You had 6 spell levels left.
You didn't know any spells.
Your spell library was empty.

Dungeon Overview and Level Annotations

Branches:
Dungeon (2/15)

Altars:
Zin


Innate Abilities, Weirdness & Mutations

You are very small and have problems with some larger weapons.
You are too small for most types of armour.
You have supernaturally acute eyesight. (SInv)
You cover ground extremely quickly. (Speed+++)


Message History

Aim: an orc wizard, wielding a +0 dagger and wearing a +0 robe (moderately wounded, poisoned, 55% to hit)
You throw a poisoned dart.
The poisoned dart barely misses the orc wizard.
The poisoned dart completely misses the orc wizard.
Throw: 5 darts (poison)
Press: ? - help, Q - select action, (/) - cycle Shift-Dir - straight line, f/p - orc wizard
Aim: an orc wizard, wielding a +0 dagger and wearing a +0 robe (heavily wounded, poisoned, 55% to hit)
You throw a poisoned dart. The poisoned dart hits the orc wizard.
The orc wizard is poisoned.
A quokka comes into view.
The orc wizard points at you and mumbles some strange words.
You resist with some effort.
You kill the orc wizard!
The orc wizard points at you and mumbles some strange words.
The magic dart hits you!
Ouch! That really hurt!
* * * LOW HITPOINT WARNING * * *
You have reached level 4!
The orc wizard looks more healthy.
Throw: 4 darts (poison)
Press: ? - help, Q - select action, (/) - cycle Shift-Dir - straight line, f - quokka
Aim: a quokka (51% to hit)
You throw a poisoned dart. The poisoned dart hits the quokka.
The quokka is poisoned.
Found a stone staircase leading down and a stone staircase leading up.
Throw: 3 darts (poison)
Press: ? - help, Q - select action, (/) - cycle Shift-Dir - straight line, f/p - quokka
Aim: a quokka (lightly wounded, poisoned, 51% to hit)
You throw a poisoned dart. The poisoned dart hits the quokka.
The quokka looks even sicker.
The quokka is lightly wounded.
Found 15 gold pieces.
Found an iron ring.
You kill the quokka!
An adder comes into view.
Found an escape hatch in the floor.
There is a stone staircase leading up here.
The orc wizard casts a spell at you. The magic dart hits you.
You die...

##### ##.....# #...#
#....... #...# #.......
#...### #.......
#.....#######.....#
#.>........(.(.....
######...###o...#.......
....=.......#...........
#......@........#.......
##..........#...........
#.............###......
..............## ##.....
.S....$.......# #......
>.......................
.###......##.#.....##..#
.......# ..


You could see an orc wizard and an adder (asleep).

Vanquished Creatures
  An orc wizard (D:2)
  A gnoll (D:1)
  A dart slug (D:1)
  An orc (D:2)
  6 bats (D:1)
  4 endoplasms (D:1)
  A giant cockroach (D:1)
  A hobgoblin (D:1)
  5 kobolds
  2 quokkas
  6 ball pythons
  2 frilled lizards (D:1)
  2 rats (D:1)
33 creatures vanquished.

Notes
Turn   | Place    | Note
-------+----------+-------------------------------------------
     0 | D:1      | koil the Spriggan Brigand began the quest for the Orb.
     0 | D:1      | Reached XP level 1. HP: 10/10 MP: 2/2
   122 | D:1      | Reached skill level 6 in Stealth
   124 | D:1      | Reached XP level 2. HP: 15/15 MP: 3/3
   214 | D:1      | Reached skill level 1 in Spellcasting
   276 | D:1      | Reached XP level 3. HP: 11/18 MP: 5/5
   748 | D:2      | Found a glowing silver altar of Zin.
   821 | D:2      | Reached XP level 4. HP: 3/23 MP: 7/7
   837 | D:2      | Killed from afar by an orc wizard

Illustrated notes

Levels and vault maps discovered:
D:1:      minmay_arrival_five_plusses, layout_basic, minivault_27,
          minmay_hexomino_p4
D:2:      cheibrodos_pilgrimage, layout_rooms, basic_altar,
          minmay_close_crescents

Skill      XL: |  1  2  3 |
---------------+----------+-----
Stealth        | 6 |  6.4
Spellcasting   | 1 |  1.7
Dodging        | 2 |  2.6
Fighting       | 2 |  2.1
Short Blades   | |  2.9
Throwing       | |  2.0

Action                   |  1- 3 |  4- 6 || total
-------------------------+-------+-------++-------
Melee: Dagger            |    79 |       ||    79
       Punch             |     1 |       ||     1
Throw: Dart              |     5 |     2 ||     7
 Stab: Sleeping          |    11 |       ||    11
Armor: Robe              |    15 |       ||    15
Dodge: Dodged            |    58 |       ||    58

Table legend: (Time is in decaauts)
 A = Elapsed time spent in this place.
 B = Non-inter-level travel time spent in this place.
 C = Inter-level travel time spent in this place.
 D = Time resting spent in this place.
 E = Time spent auto-exploring this place.
 F = Levels seen in this place.
 G = Mean time per level.
                   A        B        C        D        E       F      G
               +--------+--------+--------+--------+--------+-----+--------+
         Total |    581 |    569 |     12 |      0 |    387 |   2 |  290.5 |
       Dungeon |    581 |    569 |     12 |      0 |    387 |   2 |  290.5 |
               +--------+--------+--------+--------+--------+-----+--------+

Top non-repeatable levels by time:
     D:1: 497 daAuts
     D:2: 84 daAuts
